 Dungeon Crawl Stone Soup version 0.21.1-1-g345015f (webtiles) character file.

112 grindst0ne the Sneak (level 4, 0/21 HPs)
             Began as a Spriggan Enchanter on Feb 27, 2018.
             Slain by bmj180's ghost (11 damage)
             ... on level 3 of the Dungeon.
             The game lasted 00:06:55 (2869 turns).

grindst0ne the Sneak (Spriggan Enchanter)           Turns: 2869, Time: 00:06:56

Health: 0/21       AC:  3    Str:  4    XL:     4   Next: 63%
Magic:  7/9        EV: 18    Int: 17    God:
Gold:   106        SH:  0    Dex: 16    Spells: 2/8 levels left

rFire    + . .     SeeInvis +   i - +4 dagger
rCold    . . .     Gourm    .   (shield restricted)
rNeg     . . .     Faith    .   b - +1 robe
rPois    .         Spirit   .   (helmet restricted)
rElec    .         Reflect  .   (no cloak)
rCorr    .         Harm     .   (gloves unavailable)
MR       .....     Rnd*Tele +   (boots unavailable)
Stlth    +++.......             (no amulet)
HPRegen  0.07/turn              q - ring of teleportation (curse)
MPRegen  0.11/turn              a - ring of protection from fire

@: very quick
A: very small, unfitting armour, see invisible, herbivore, speed 3, slow
metabolism 2
a: no special abilities


You were on level 3 of the Dungeon.
You were hungry.

You visited 1 branch of the dungeon, and saw 3 of its levels.

You collected 106 gold pieces.

Inventory:

Hand Weapons
 i - a +4 dagger (weapon)
Armour
 b - a +1 robe (worn)
Jewellery
 a - a ring of protection from fire (right hand)
 e - an uncursed ring of positive energy
 k - an uncursed ring of positive energy
 q - a cursed ring of teleportation (left hand)
Scrolls
 f - a scroll of teleportation {unknown}
 g - a scroll of enchant weapon
 j - a scroll of fear {unknown}
 l - a scroll of fog
 m - 2 scrolls of identify
Potions
 h - 2 potions of degeneration
 n - a potion of heal wounds
 o - 3 potions of curing
 p - a potion of invisibility
 r - a potion of brilliance {unknown}
Books
 c - a book of Maledictions

   Spells                             Type                      Level
   a - Corona                         Hexes                        1
   b - Ensorcelled Hibernation        Hexes/Ice                    2
   c - Confuse                        Hexes                        3
   d - Tukima's Dance                 Hexes                        3
   e - Dazzling Spray                 Conjuration/Hexes            3
Comestibles
 d - 9 rations


   Skills:
 - Level 1.1 Short Blades
 - Level 3.0 Dodging
 + Level 6.7 Stealth
 - Level 2.6 Spellcasting
 + Level 5.3 Hexes


You had 2 spell levels left.
You knew the following spells:

 Your Spells              Type           Power        Failure   Level  Hunger
a - Corona                Hex            ###....      1%          1    #......
b - Ensorcelled Hibernat  Hex/Ice        ##....       9%          2    ##.....
c - Confuse               Hex            ###.....     6%          3    ###....


Dungeon Overview and Level Annotations

Branches:
Dungeon (3/15)

Altars:

Annotations:
D:3 bmj180's ghost, amateur MfFi


Innate Abilities, Weirdness & Mutations

You are very small and have problems with some larger weapons.
You are too small for most types of armour.
You have supernaturally acute eyesight. (SInv)
You are a herbivore.
You cover ground extremely quickly.
You need consume almost no food.


Message History

You hit bmj180's ghost.
Bmj180's ghost is lightly damaged.
You catch the helpless bmj180's ghost completely off-guard!
You puncture bmj180's ghost!
Bmj180's ghost is heavily damaged.
You barely miss bmj180's ghost.
Bmj180's ghost is heavily damaged.
You hit bmj180's ghost but do no damage.
Bmj180's ghost is heavily damaged.
You strike the helpless bmj180's ghost from behind!
You puncture bmj180's ghost!
Bmj180's ghost is severely damaged.
Bmj180's ghost closely misses you.
You hit bmj180's ghost.
Bmj180's ghost is almost destroyed.
You puncture bmj180's ghost!
Bmj180's ghost is almost destroyed.
Bmj180's ghost seems less confused.
Bmj180's ghost hits you!
Ouch! That really hurt!
You die...

)##....>.####### #.......#
...>......)....###### #.......#
######.#######......#####.......#
# #.# ######.............# ###
##.#########................#
..###............########........
........#################........
............######..........#####
...#...###......@..##########
##.#....#..##....W..###
#.........#########...##
...........##########..##########
..(...###...................(....
......# ##...########.##########.
....(.# ###............### #.
.....## ##########.#...## ##
......###############......######


You could see bmj180's ghost.

Vanquished Creatures
  4 gnolls (D:2)
  An adder (D:3)
  An ooze (D:1)
  A worm (D:3)
  2 dart slugs
  A leopard gecko (D:3)
  5 orcs (D:3)
  2 giant cockroaches
  7 goblins
  4 hobgoblins
  5 kobolds
  6 bats
  2 frilled lizards
  A leopard gecko skeleton (D:3)
  7 rats
49 creatures vanquished.

Notes
Turn   | Place    | Note
-------+----------+-------------------------------------------
     0 | D:1      | grindst0ne the Spriggan Enchanter began the quest for the Orb.
     0 | D:1      | Reached XP level 1. HP: 9/9 MP: 5/5
   522 | D:1      | Reached XP level 2. HP: 11/13 MP: 6/6
   562 | D:1      | Learned a level 2 spell: Ensorcelled Hibernation
   581 | D:1      | Reached skill level 5 in Stealth
  1358 | D:2      | Reached XP level 3. HP: 16/16 MP: 8/8
  1392 | D:2      | Reached skill level 6 in Stealth
  1699 | D:2      | Learned a level 3 spell: Confuse
  1704 | D:3      | Reached XP level 4. HP: 21/21 MP: 5/9
  1740 | D:3      | Reached skill level 5 in Hexes
  1810 | D:3      | Noticed bmj180's ghost (amateur MfFi)
  2869 | D:3      | Slain by bmj180's ghost

Skill      XL: |  1  2  3  4 |
---------------+-------------+-----
Hexes          | 4 5 |  5.3
Stealth        | 5 6 |  6.7
Short Blades   | |  1.1
Dodging        | |  3.0
Spellcasting   | |  2.6

Action                   |  1- 3 |  4- 6 || total
-------------------------+-------+-------++-------
Melee: Dagger            |    76 |    55 ||   131
 Cast: Corona            |     4 |       ||     4
       Ensorcelled Hiber |    10 |    10 ||    20
       Confuse           |     1 |    13 ||    14
  Use: Scroll            |       |     8 ||     8
 Stab: Sleeping          |    16 |    11 ||    27
       Confused          |       |     3 ||     3
       Distracted        |       |     2 ||     2
  Eat: Ration            |       |     1 ||     1
Armor: Robe              |    10 |     6 ||    16
Dodge: Dodged            |    63 |    31 ||    94
